 Dungeon Crawl Stone Soup version 0.22.2-1-ge965b3aba3 (webtiles) character file.

190 Hawkwind the Shield-Bearer (level 5, -4/33 HPs)
             Began as a Gargoyle Fighter on July 5, 2019.
             Slain by an ogre
             ... wielding a +0 giant club
              (20 damage)
             ... on level 7 of the Dungeon.
             The game lasted 00:07:01 (1187 turns).

Hawkwind the Shield-Bearer (Gargoyle Fighter)       Turns: 1187, Time: 00:07:02

Health: -4/33      AC: 11    Str: 21    XL:     5   Next: 69%
Magic:  5/5        EV:  8    Int:  8    God:
Gold:   13         SH:  9    Dex:  9    Spells: 4/4 levels left

rFire    . . .     SeeInvis .   a - +1 trident
rCold    . . .     Gourm    .   c - +0 shield
rNeg     + . .     Faith    .   b - +0 scale mail
rPois    ∞         Spirit   .   (no helmet)
rElec    +         Reflect  .   (no cloak)
rCorr    .         Harm     .   (no gloves)
MR       .....                  (no boots)
Stlth    ..........             g - amulet of inaccuracy (curse)
HPRegen  0.11/turn              (no ring)
MPRegen  0.09/turn              (no ring)

@: no status effects
A: negative energy resistance 1, electricity resistance, unbreathing,
petrification resistance, rot immunity, AC +4
a: no special abilities


You were on level 7 of the Dungeon.
You were not hungry.

You visited 1 branch of the dungeon, and saw 7 of its levels.

You collected 24 gold pieces.
You spent 11 gold pieces at shops.

Inventory:

Hand Weapons
 a - a +1 trident (weapon)
Armour
 b - a +0 scale mail (worn)
 c - a +0 shield (worn)
Jewellery
 g - a cursed amulet of inaccuracy (around neck)
 j - an uncursed amulet of harm {unknown}
Wands
 m - a wand of paralysis (13)
Scrolls
 i - 2 scrolls of noise {unknown}
Potions
 d - 2 potions of might
 e - a potion of curing {unknown}
 h - a potion of cancellation {unknown}
 l - a potion of degeneration
Comestibles
 f - a ration
 k - a chunk of flesh


   Skills:
 + Level 3.7 Fighting
 + Level 2.7 Polearms
 + Level 4.4 Armour
 * Level 1.4 Dodging
 + Level 4.5 Shields


You had 4 spell levels left.
You didn't know any spells.
Your spell library was empty.

Dungeon Overview and Level Annotations

Branches:
Dungeon (7/15)
 Temple: D:4-7

Altars:

Shops:
D:5 !

Annotations:
D:3 Grinder, Natasha


Innate Abilities, Weirdness & Mutations

You are resistant to torment.
Your stone body is resilient. (AC +4)
You are immune to poison.
You resist negative energy. (rN+)
You are resistant to electric shocks. (rElec)
You can survive without breathing.
You are immune to petrification.
You are immune to rotting.


Message History

The killer bee buzzes angrily.
You hear an angry buzzing noise.
Found a human skeleton.
Found a dwarf skeleton.
You closely miss the killer bee.
The killer bee stings you but does no damage.
You block the killer bee's attack.
An ogre comes into view. It is wielding a giant club.
The killer bee stings you but does no damage.
You miss the killer bee.
The ogre shouts!
A killer bee comes into view.
The killer bee stings you but does no damage.
The killer bee barely misses you.
Your shield prevents you from hitting the killer bee.
The killer bee stings you but does no damage.
The killer bee closely misses you. The killer bee stings you.
You completely miss the killer bee. You block the killer bee's attack.
The ogre hits you with a giant club!!
Ouch! That really hurt!
You die...

####...#.##.#
##.##.#....#.#
..##.#.##.#.#
#... #......#
####.####.##...#
#..............#
##..######.##..>#
###y÷.# #..)....
#O@#.##
###.#.....
#÷÷$.###...
.......... ####
##### #####.#<..
#.)...## #.#.....
#.###### #.KK.K..
########


You could see an ogre and a killer bee.

Vanquished Creatures
  2 bullfrogs (D:6)
  A centaur skeleton (D:4)
  An adder (D:5)
  A shadow imp (D:7)
  A dart slug (D:1)
  An orc (D:5)
  3 hobgoblins (D:1)
  3 jackals (D:4)
  A quokka (D:5)
  A ball python (D:1)
  A bat (D:1)
  A goblin (D:1)
  A kobold (D:1)
  2 rats (D:1)
20 creatures vanquished.

Notes
Turn   | Place    | Note
-------+----------+-------------------------------------------
     0 | D:1      | Hawkwind the Gargoyle Fighter began the quest for the Orb.
     0 | D:1      | Reached XP level 1. HP: 14/14 MP: 1/1
    85 | D:1      | Reached XP level 2. HP: 15/19 MP: 2/2
   401 | D:3      | Noticed Grinder
   410 | D:3      | Noticed Natasha
   416 | D:3      | Noticed a crimson imp
   419 | D:3      | You fall through a shaft!
   682 | D:5      | Entered Level 5 of the Dungeon
   691 | D:4      | Reached XP level 3. HP: 18/24 MP: 3/3
   831 | D:5      | Reached XP level 4. HP: 8/29 MP: 4/4
   981 | D:6      | Noticed a bullfrog
   981 | D:6      | Noticed a bullfrog
   993 | D:6      | Killed a bullfrog
   993 | D:6      | Reached skill level 1 in Dodging
   993 | D:6      | Reached XP level 5. HP: 13/33 MP: 5/5
  1021 | D:5      | Found Oluaduh's Distillery.
  1030 | D:5      | Bought a potion of degeneration for 11 gold pieces
  1037 | D:5      | You fall through a shaft for 2 floors!
  1037 | D:7      | Noticed a big kobold
  1121 | D:7      | Noticed a big kobold
  1184 | D:7      | Noticed an ogre
  1187 | D:7      | Slain by an ogre

Skill      XL: |  1  2  3  4 |
---------------+-------------+-----
Polearms       | 2 |  2.7
Shields        | 4 |  4.5
Armour         | 4 |  4.4
Dodging        | 1 |  1.4
Fighting       | |  3.7

Action                   |  1- 3 |  4- 6 || total
-------------------------+-------+-------++-------
Melee: Trident           |   113 |    34 ||   147
  Use: Scroll            |     2 |     1 ||     3
  Eat: Chunk             |       |     1 ||     1
Armor: Scale mail        |    87 |    24 ||   111
Dodge: Dodged            |    52 |    17 ||    69
Block: Shield            |    83 |    26 ||   109
